 Dungeon Crawl Stone Soup version 0.27-a0-941-g386ccf399c (webtiles) character file.

Game seed: 17409407797693328183

37384 Glokmah the Thaumaturge (level 13, -23/127 HPs)
             Began as a Djinni Fire Elementalist on Apr 11, 2021.
             Was a High Priest of Dithmenos.
             Annihilated by a komodo dragon (28 damage)
             ... on level 6 of the Lair of Beasts.
             The game lasted 00:58:14 (15159 turns).

Glokmah the Thaumaturge (Djinni Fire Elementalist) Turns: 15159, Time: 00:58:15

Health: -23/127    AC:  9    Str:  7    XL:     13   Next: 96%
Gold:   1038       EV: 12    Int: 21    God:    Dithmenos [*****.] SH:  0 Dex: 15

rFire    + . .     SeeInvis .   (weapon currently unavailable)
rCold    . . .     Faith    .   (shield currently unavailable)
rNeg     . . .     Spirit   .   (armour currently unavailable)
rPois    ∞         Reflect  .   (helmet currently unavailable)
rElec    .         Harm     .   (cloak currently unavailable)
rCorr    .         Rampage  .   (gloves currently unavailable)
Will     +....                  (boots unavailable)
Stlth    +++.......             l - amulet of regeneration
HPRegen  1.31/turn              e - ring of protection from fire
MPRegen  0.00/turn              B - ring of wizardry

@: hydra-form, flying, wreathed by umbra
A: fast swimmer, devour, flying, boosted hp, very large, (fire resistance 2),
(cold vulnerability 1), float, innate caster, hp casting, extra vitality 1
a: End Transformation, Renounce Religion, Shadow Step, Shadow Form


You were on level 6 of the Lair of Beasts.
You worshipped Dithmenos.
Dithmenos was extremely pleased with you.
You were a six-headed hydra.
You visited 2 branches of the dungeon, and saw 14 of its levels.
You also visited: Sewer.

You collected 1038 gold pieces.

Inventory:

Hand Weapons
 g - a +0 short sword
 E - a +0 short sword of venom
Missiles
 c - 163 arrows
 d - 431 stones
 j - 22 poisoned darts (quivered)
 s - 7 boomerangs
 t - 5 javelins
 w - a throwing net
 C - 8 curare-tipped darts
 G - 22 atropa-tipped darts
Armour
 u - a +2 leather armour of positive energy (melded)
 A - a +0 cloak (melded)
 F - a +1 buckler of poison resistance (melded)
 R - a +0 helmet (melded)
Magical Staves
 i - a staff of earth (melded)
Jewellery
 e - a ring of protection from fire (left foreclaw)
 l - an amulet of regeneration (around neck)
 B - a ring of wizardry (right foreclaw)
 T - a +6 ring of intelligence
Wands
 a - a wand of charming (7)
 x - a wand of flame (40)
 K - a wand of mindburst (28)
 L - a wand of iceblast (12)
Scrolls
 f - 11 scrolls of teleportation
 h - 2 scrolls of summoning
 o - 2 scrolls of enchant armour {unknown}
 y - 4 scrolls of magic mapping {unknown}
 I - a scroll of vulnerability {unknown}
 J - a scroll of brand weapon {unknown}
 M - a scroll of noise {unknown}
 N - a scroll of torment {unknown}
 O - a scroll of immolation
 P - a scroll of fear {unknown}
 Q - a scroll of enchant weapon {unknown}
Potions
 b - 2 potions of degeneration
 k - 6 potions of curing
 m - 3 potions of lignification
 n - 5 potions of haste
 p - 4 potions of heal wounds
 q - a potion of might
 r - 3 potions of brilliance
 v - 3 potions of mutation
 z - a potion of cancellation
 D - a potion of flight
 H - a potion of invisibility


   Skills:
 + Level 10.9 Fighting
 - Level 9.3 Armour
 + Level 10.7 Dodging
 - Level 1.5 Stealth
 - Level 4.0 Shields
 * Level 13.0 Spellcasting
 + Level 3.4 Evocations


You had 2 spell levels left.
You knew the following spells:

 Your Spells              Type           Power      Damage    Failure   Level
a - Foxfire               Conj/Fire      100%       2x1d9     0%          1
b - Olgreb's Toxic Radia  Pois           62%        N/A       1%          4
c - Inner Flame           Hex/Fire       62%        N/A       1%          3
d - Sticky Flame          Conj/Fire      62%        2d8       1%          4
e - Fireball              Conj/Fire      31%        3d13      1%          5
f - Beastly Appendage     Tmut           100%       N/A       0%          1
g - Swiftness             Air            62%        N/A       1%          2
h - Tukima's Dance        Hex            62%        N/A       1%          3
i - Conjure Flame         Conj/Fire      62%        6-21      1%          3
j - Summon Mana Viper     Hex/Summ       62%        N/A       1%          5
k - Hydra Form            Tmut           31%        N/A       1%          5
Your spell library was empty.

Dungeon Overview and Level Annotations

Branches:
Dungeon (8/15)             Temple (0/1) D:6            Lair (6/6) D:8
 Shoals (0/4) Lair:2       Spider (0/4) Lair:4        Slime (0/5) Lair:6
  Sewer (visited)

Altars:
Dithmenos
Fedhas
Gozag
Hepliaklqana
Nemelex Xobeh
Jiyva

Shops:
D:7 *


Innate Abilities, Weirdness & Mutations

You are a six-headed hydra.
You swim very quickly.
You can devour living enemies to heal.
You are flying.
Your maximum health is greatly increased.
Your armour is entirely melded.
You are incapable of wielding weapons or throwing items.
You are immune to poison.
((Your flesh is very heat resistant. (rF++)))
((You are vulnerable to cold. (rC-)))
You float through the air rather than walking.
You learn spells naturally, not from books.
Your magical power is your life essence.
You have superior vitality. (+4 HP)


Message History

You gouge the hell hound!!
You devour the hell hound!
You feel better.
You kill the hell hound!
Dithmenos accepts your kill. The black mamba bites your mana viper!
Your mana viper bites the black mamba!
The black mamba dies!
Dithmenos accepts your kill.
Your mana viper completely misses the komodo dragon.
The komodo dragon barely misses you.
You nip at the komodo dragon but do no damage.
Your shadow hits the komodo dragon.
Your mana viper bites the komodo dragon but does no damage.
The komodo dragon bites you!
Your mana viper barely misses the komodo dragon.
You nip at the komodo dragon but do no damage.
The komodo dragon bites you!!
* * * LOW HITPOINT WARNING * * *
Your mana viper bites the komodo dragon!
You bite the komodo dragon!
The komodo dragon is heavily wounded.
Your mana viper bites the komodo dragon but does no damage.
The komodo dragon bites your mana viper!!
Your mana viper dies!
The komodo dragon hisses angrily.
You nip at the komodo dragon.
The komodo dragon is severely wounded.
The komodo dragon closely misses you.
You completely miss the komodo dragon.
The komodo dragon is severely wounded.
The komodo dragon bites you!
* * * LOW HITPOINT WARNING * * *
You nip at the komodo dragon.
The komodo dragon is severely wounded.
The komodo dragon closely misses you.
You nip at the komodo dragon.
The komodo dragon is almost dead.
The komodo dragon bites you!!
* * * LOW HITPOINT WARNING * * *
Okay, then.
The komodo dragon bites you!!
You die...

....# ### #### #††.# # #
###..### #†.# .###......## #..#
...........###.#### ....
..........#.#.#.#.# ##...
.......†...###...####...#####
..P.....###.PP..l.##.#....#.##
#......####...P.D.#.#.#.#....#
...<...##........##.........#
##PP..####P......#..........#
###..####.................# ##
###....###................#####.
#...#..##............##P....#...
####....#..........#.#..........
##..............###.#..#......
#.#..#.......#### ####........


You could see a komodo dragon.

Vanquished Creatures
  5 hydras
  A death yak (Lair:4)
  Nergalle (Lair:4)
  An oklob plant (Lair:2)
  2 torpor snails (Lair:4)
  9 elephants (Lair:4)
  4 black mambas
  23 cane toads
  2 rime drakes
  9 komodo dragons
  A jumping spider (Lair:4)
  A polar bear (Lair:3)
  4 dream sheep (Lair:4)
  8 blink frogs
  7 wyverns
  40 yaks
  2 basilisks
  A steam dragon (Lair:6)
  15 water moccasins
  2 hell hounds (Lair:6)
  2 orc warriors
  3 ice beasts
  3 black bears
  2 sky beasts
  3 ogres
  28 wolves
  A necrophage (D:6)
  A centaur (D:6)
  2 phantoms
  10 bullfrogs
  A wyvern zombie (D:7)
  2 scorpions
  A water moccasin zombie (D:5)
  A water moccasin skeleton (D:6)
  3 howler monkeys
  2 hounds (D:4)
  A bullfrog zombie (D:5)
  A centaur zombie (D:8)
  2 jellies (D:5)
  A bullfrog skeleton (D:5)
  A gnoll shaman (D:5)
  3 orc priests
  4 iguanas
  Natasha (thrice) (D:3)
  4 orc wizards
  A scorpion zombie (D:5)
  2 howler monkey zombies
  8 adders
  4 gnolls (D:6)
  A howler monkey skeleton (D:7)
  2 river rats (Sewer)
  A shadow imp (D:6)
  An adder skeleton (D:3)
  A worm (D:3)
  A dart slug (D:5)
  20 orcs
  8 bats
  5 endoplasms
  7 giant cockroaches
  8 goblins
  2 hobgoblins
  9 jackals
  10 kobolds
  3 quokkas
  7 ball pythons
  8 frilled lizards
  10 rats
342 creatures vanquished.

Vanquished Creatures (collateral kills)
  The ghost of Bapho the Brawler, an adept TrMo of Wu Jian (Lair:3)
  2 black mambas (Lair:6)
  A basilisk (Lair:6)
  A hell hound (Lair:6)
  26 foxfires
31 creatures vanquished.

Vanquished Creatures (others)
  A cane toad (Lair:6)
  A bullfrog (Lair:2)
  1170 foxfires
  17 fungi
  49 plants
  5 toadstools (D:5)
1243 creatures vanquished.

Grand Total: 1616 creatures vanquished

Notes
Turn   | Place    | Note
-------+----------+-------------------------------------------
     0 | D:1      | Glokmah the Djinni Fire Elementalist began the quest for
                  | the Orb.
     0 | D:1      | Reached XP level 1. HP: 15/15 MP: 0/0
    49 | D:1      | Reached XP level 2. HP: 13/22 MP: 0/0
   491 | D:1      | Reached skill level 1 in Fighting
   679 | D:1      | Reached skill level 1 in Armour
   772 | D:1      | Reached XP level 3. HP: 23/27 MP: 0/0
   772 | D:1      | Learned a level 1 spell: Beastly Appendage
   939 | D:1      | Reached skill level 3 in Spellcasting
  1078 | D:1      | Identified the Tome of the Voyage
  1483 | D:2      | Reached XP level 4. HP: 29/32 MP: 0/0
  1743 | D:2      | Found a faded altar of an unknown god.
  2784 | D:3      | Found a glowing drain.
  2806 | Sewer    | Entered a sewer
  2839 | Sewer    | Reached XP level 5. HP: 38/38 MP: 0/0
  2839 | Sewer    | Learned a level 2 spell: Swiftness
  3518 | D:3      | Reached XP level 6. HP: 45/45 MP: 0/0
  3557 | D:3      | Noticed Natasha
  3564 | D:3      | Killed Natasha
  4746 | D:3      | Noticed Natasha
  4755 | D:3      | Killed Natasha
  4756 | D:3      | Reached skill level 4 in Spellcasting
  4963 | D:3      | Noticed Natasha
  4966 | D:3      | Killed Natasha
  5067 | D:4      | Noticed an ice beast
  5071 | D:4      | Killed an ice beast
  5198 | D:4      | Reached XP level 7. HP: 50/50 MP: 0/0
  5198 | D:4      | Learned a level 3 spell: Tukima's Dance
  5940 | D:5      | Entered Level 5 of the Dungeon
  6014 | D:5      | Reached skill level 5 in Spellcasting
  6119 | D:5      | Reached XP level 8. HP: 56/58 MP: 0/0
  6199 | D:5      | Reached skill level 5 in Dodging
  6200 | D:5      | Found a shadowy altar of Dithmenos.
  6738 | D:5      | Became a worshipper of Dithmenos the Shadowed
  6790 | D:6      | Reached skill level 6 in Spellcasting
  7122 | D:6      | Reached XP level 9. HP: 57/64 MP: 0/0
  7122 | D:6      | Learned a level 4 spell: Olgreb's Toxic Radiance
  7144 | D:6      | Found a staircase to the Ecumenical Temple.
  7258 | D:6      | Reached skill level 5 in Fighting
  7377 | D:6      | Reached skill level 5 in Armour
  7552 | D:6      | Found a hazy altar of Hepliaklqana.
  7552 | D:6      | Found an opulent altar of Gozag.
  7777 | D:7      | Reached * piety under Dithmenos
  7826 | D:7      | Reached skill level 7 in Spellcasting
  7841 | D:7      | Found Povad's General Store.
  7979 | D:7      | Found a sparkling altar of Nemelex Xobeh.
  8109 | D:7      | Found a blossoming altar of Fedhas.
  8600 | D:8      | Reached skill level 1 in Shields
  8745 | D:8      | Found a staircase to the Lair.
  8746 | D:8      | Noticed a komodo dragon
  8763 | D:8      | Killed a komodo dragon
  8960 | Lair:1   | Entered Level 1 of the Lair of Beasts
  8999 | Lair:1   | Noticed a cane toad
  9024 | Lair:1   | Killed a cane toad
  9025 | Lair:1   | Reached XP level 10. HP: 72/72 MP: 0/0
  9190 | Lair:1   | Noticed a cane toad
  9211 | Lair:1   | Killed a cane toad
  9212 | Lair:1   | Reached skill level 8 in Spellcasting
  9297 | Lair:1   | Reached ** piety under Dithmenos
  9326 | Lair:1   | Noticed a cane toad
  9334 | Lair:1   | Killed a cane toad
  9449 | Lair:1   | Noticed a cane toad
  9454 | Lair:1   | Killed a cane toad
  9458 | Lair:1   | Noticed a cane toad
  9495 | Lair:1   | Killed a cane toad
  9532 | Lair:1   | Noticed a four-headed hydra
  9538 | Lair:1   | Killed a four-headed hydra
  9539 | Lair:1   | Reached skill level 9 in Spellcasting
  9597 | Lair:1   | Noticed a cane toad
  9605 | Lair:1   | Killed a cane toad
  9606 | Lair:1   | Reached XP level 11. HP: 73/79 MP: 0/0
  9606 | Lair:1   | Learned a level 5 spell: Summon Mana Viper
 10458 | Lair:2   | Found a staircase to the Shoals.
 10494 | Lair:2   | Reached skill level 10 in Spellcasting
 10622 | Lair:2   | Noticed an oklob plant
 10696 | Lair:2   | Killed an oklob plant
 11448 | Lair:2   | HP: 3/82 [cane toad (16)]
 11741 | Lair:3   | Reached *** piety under Dithmenos
 11792 | Lair:3   | Reached skill level 10 in Dodging
 11792 | Lair:3   | Reached XP level 12. HP: 57/88 MP: 0/0
 11871 | Lair:2   | Identified the +8 plate armour "Ulelub Favvi" {*Corrode
                  | rElec rC+++ Slay-3}
 12008 | Lair:3   | Found a runed translucent door.
 12009 | Lair:3   | Noticed Bapho's ghost (adept TrMo)
 12038 | Lair:3   | Reached skill level 11 in Spellcasting
 12484 | Lair:3   | Killed Bapho's ghost
 12792 | Lair:4   | Found a hole to the Spider Nest.
 12859 | Lair:4   | Noticed a seven-headed hydra
 12865 | Lair:4   | Killed a seven-headed hydra
 12896 | Lair:4   | Noticed a death yak
 12906 | Lair:4   | Killed a death yak
 12975 | Lair:4   | Noticed Nergalle
 12978 | Lair:4   | Killed Nergalle
 12979 | Lair:4   | Reached skill level 10 in Fighting
 12979 | Lair:4   | Reached skill level 12 in Spellcasting
 12979 | Lair:4   | Reached XP level 13. HP: 87/96 MP: 0/0
 12979 | Lair:4   | Learned a level 5 spell: Hydra Form
 13341 | Lair:5   | Reached **** piety under Dithmenos
 13882 | Lair:5   | Reached skill level 1 in Evocations
 14229 | Lair:6   | Entered Level 6 of the Lair of Beasts
 14640 | Lair:6   | Found a viscous altar of Jiyva.
 14640 | Lair:6   | Found a staircase to the Slime Pits.
 15039 | Lair:6   | Reached ***** piety under Dithmenos
 15141 | Lair:6   | Reached skill level 13 in Spellcasting
 15156 | Lair:6   | HP: 1/127 [komodo dragon (20)]
 15159 | Lair:6   | Annihilated by a komodo dragon

Illustrated notes

Levels and vault maps discovered:
D:1:      scummos_arrival_forest, layout_rooms, chequers_serial_rivers_large_b,
          chequers_jeans
D:2:      layout_basic, ebering_ecumenical_altar_mist, minmay_tetromino_s4
D:3:      layout_basic, cheibrodos_sewer_entry_sluice, minmay_unequal,
          uniq_natasha
D:4:      layout_gridville
D:5:      layout_cave_pools, grunt_dithmenos_smoke, grunt_decor_junction,
          minmay_gold_behind_fungi, minmay_misc_feat_tiny, minmay_quadrilaterals
D:6:      layout_loops_ring, gammafunk_temple_overflow_statue, temple_pool_b,
          minmay_misc_feat_iff
D:7:      layout_rooms, fedhas_altar_2, nemelex_spade_bored_becter,
          serial_shops, nicolae_shop_stone, serial_glass, glass_columns_a,
          glass_columns_a
D:8:      layout_loops_cross, david_lair_shrubbed, hangedman_decor_growths
Lair:1:   layout_cave_pods, beast_lair_carwin_9
Lair:2:   layout_chaotic_city, elwin_shoals_entry_rocks,
          nicolae_quartered_pool_medium, lemuel_old_faithful,
          minmay_lair_oklob_chamber
Lair:3:   layout_misc_corridors, ebering_ghost_inner_flame, grunt_megastairs_5
Lair:4:   layout_big_grid, spider_nest_entry_a, serial_bayou_shore_b,
          uniq_nergalle
Lair:5:   layout_big_grid, grunt_megastairs_3
Lair:6:   cheibrodos_lair_end_hotspot, layout_cave_pods,
          dpeg_slime_entry_enclosed_altar

Skill      XL: |  1  2  3  4  5  6  7  8  9 10 11 12 13 |
---------------+----------------------------------------+-----
Fighting       | 1 2 3 4 6 7 8 10 | 10.9
Armour         | 1 2 3 4 5 8 9 |  9.3
Spellcasting   | 3 4 5 6 7 9 10 12 13 | 13.0
Dodging        | 3 4 5 7 8 10 | 10.7
Shields        | 2 4 |  4.0
Evocations     | 3 |  3.4
Stealth        | |  1.5

Action                   |  1- 3 |  4- 6 |  7- 9 | 10-12 | 13-15 || total
-------------------------+-------+-------+-------+-------+-------++-------
Melee: Short sword       |     5 |       |       |       |       ||     5
       Staff             |       |    35 |     6 |     5 |     1 ||    47
       Unarmed           |       |       |       |       |    19 ||    19
Throw: Dart              |       |       |     2 |     1 |       ||     3
 Cast: Foxfire           |    53 |   126 |   244 |   265 |    44 ||   732
       Sticky Flame      |       |     1 |     1 |    15 |     9 ||    26
       Inner Flame       |       |     7 |    15 |    32 |    18 ||    72
       Swiftness         |       |       |     4 |     9 |       ||    13
       Olgreb's Toxic Ra |       |       |    12 |    41 |    25 ||    78
       Fireball          |       |       |       |    46 |    47 ||    93
       Summon Mana Viper |       |       |       |     7 |     2 ||     9
       Tukima's Dance    |       |       |       |     3 |       ||     3
       Beastly Appendage |       |       |       |       |     1 ||     1
       Hydra Form        |       |       |       |       |     1 ||     1
Invok: Shadow Step       |       |       |       |     1 |       ||     1
  Use: Scroll            |       |     6 |     1 |     5 |     5 ||    17
 Stab: Sleeping          |     1 |       |       |       |       ||     1
Armor: Robe              |     7 |    16 |       |       |       ||    23
       Leather armour    |       |       |    10 |    20 |    14 ||    44
       Skin              |       |       |       |       |     2 ||     2
Dodge: Dodged            |    10 |    72 |    30 |   113 |    70 ||   295
Block: Buckler           |       |       |       |    27 |    16 ||    43

Table legend: (Time is in decaauts)
 A = Elapsed time spent in this place.
 B = Non-inter-level travel time spent in this place.
 C = Inter-level travel time spent in this place.
 D = Time resting spent in this place.
 E = Time spent auto-exploring this place.
 F = Levels seen in this place.
 G = Mean time per level.
                   A        B        C        D        E       F      G
               +--------+--------+--------+--------+--------+-----+--------+
         Total |  15184 |  13548 |   1636 |   1686 |   7713 |  15 | 1012.3 |
       Dungeon |   8601 |   7338 |   1263 |    751 |   4412 |   8 | 1075.1 |
          Lair |   6208 |   5835 |    373 |    935 |   3258 |   6 | 1034.7 |
         Sewer |    375 |    375 |      0 |      0 |     42 |   1 |  375.0 |
               +--------+--------+--------+--------+--------+-----+--------+

Top non-repeatable levels by time:
     D:3: 1931 daAuts
     D:2: 1601 daAuts
  Lair:2: 1443 daAuts
  Lair:1: 1295 daAuts
     D:1: 1161 daAuts
     D:6: 976 daAuts
  Lair:3: 935 daAuts
     D:4: 934 daAuts
  Lair:5: 899 daAuts
  Lair:6: 867 daAuts
     D:5: 769 daAuts
  Lair:4: 766 daAuts
     D:8: 636 daAuts
     D:7: 589 daAuts
   Sewer: 375 daAuts
